 Dungeon Crawl Stone Soup version 0.28.0-62-gf88900778d (webtiles) character file.

Game seed: 5595662907716501223

5935 Coron the Cleaver (level 10, -2/99 HPs)
             Began as a Deep Dwarf Gladiator on Mar 22, 2023.
             Was a Follower of Makhleb.
             Hit by a large rock thrown by a cyclops (18 damage)
             ... on level 9 of the Dungeon.
             The game lasted 00:33:21 (7976 turns).

Coron the Cleaver (Deep Dwarf Gladiator)            Turns: 7976, Time: 00:33:21

Health: -2/99      AC: 19    Str: 28    XL:     10   Next: 54%
Magic:  3/3        EV:  8    Int:  9    God:    Makhleb [*.....]
Gold:   279        SH:  5    Dex: 14    Spells: 9/9 levels left

rFire   . . .      SeeInvis +   a - +1 war axe (freeze)
rCold   + . .      Faith    .   I - +0 buckler
rNeg    . . .      Spirit   .   P - +1 plate armour {rC+}
rPois   .          Reflect  .   c - +0 helmet
rElec   .          Harm     .   k - +0 cloak {Will+}
rCorr   .          Rampage  .   (no gloves)
Will    ++...                   A - +0 pair of boots
Stlth   ..........              D - amulet of the acrobat
HPRegen 0.00/turn               x - +6 ring of strength
MPRegen 0.08/turn               L - ring of see invisible

@: no status effects
A: damage resistance, heal wounds, sense surroundings 2, no regeneration
a: Heal Wounds, Renounce Religion


You were on level 9 of the Dungeon.
You worshipped Makhleb.
Makhleb was aware of your devotion.
You visited 2 branches of the dungeon, and saw 10 of its levels.
You also visited: Bailey.

You collected 1150 gold pieces.
You spent 871 gold pieces at shops.

Inventory:

Hand Weapons
 a - a +1 war axe of freezing (weapon)
 n - a +1 short sword of flaming
 y - a +2 vampiric dagger
Missiles
 f - 186 stones
 j - a throwing net
 r - 16 poisoned darts (quivered)
 w - 5 javelins
 B - 3 curare-tipped darts
 C - 7 atropa-tipped darts
Armour
 c - a +0 helmet (worn)
 k - a +0 cloak of willpower (worn)
 A - a +0 pair of boots (worn)
 E - a +0 chain mail
 G - a +0 plate armour
 I - a +0 buckler (worn)
 O - a +0 kite shield
 P - a +1 plate armour of cold resistance (worn)
Jewellery
 p - a ring of ice
 v - a ring of magical power
 x - a +6 ring of strength (left hand)
 z - a ring of fire
 D - an amulet of the acrobat (around neck)
 L - a ring of see invisible (right hand)
Wands
 d - a wand of digging (8)
 s - a wand of iceblast (16)
Scrolls
 b - a scroll of fog
 e - a scroll of brand weapon
 g - 2 scrolls of immolation {unknown}
 h - a scroll of blinking {unknown}
 l - a scroll of fear {unknown}
 m - a scroll of noise {unknown}
 o - 2 scrolls of enchant weapon
 H - 3 scrolls of teleportation
 M - a scroll of summoning {unknown}
 N - a scroll of silence {unknown}
Potions
 i - 3 potions of resistance {unknown}
 q - 3 potions of curing
 t - 3 potions of lignification
 u - 3 potions of degeneration {unknown}
 J - a potion of mutation {unknown}
 K - a potion of berserk rage
Miscellaneous
 F - a condenser vane (inert)


   Skills:
 - Level 9.0 Fighting
 + Level 9.5 Axes
 - Level 2.0 Throwing
 + Level 9.1 Armour
 - Level 3.2 Dodging
 - Level 3.0 Shields
 + Level 5.4 Evocations


You had 9 spell levels left.
You didn't know any spells.
Your spell library contained the following spells:

 Spells                   Type           Power      Damage    Failure   Level
 Apportation              Tloc           0%         N/A       99%         1
 Pain                     Necr           0%         1d4       99%         1
 Shock                    Conj/Air       0%         1d3       99%         1
 Slow                     Hex            0%         N/A       99%         1
 Blink                    Tloc           0%         N/A       100%        2
 Lesser Beckoning         Tloc           0%         N/A       100%        3
 Swiftness                Air            0%         N/A       100%        3
 Airstrike                Air            0%         N/A       100%        4
 Manifold Assault         Tloc           0%         N/A       100%        5


Dungeon Overview and Level Annotations

Branches:
Dungeon (9/15)             Temple (1/1) D:6            Lair (0/6) D:8
 Bailey (visited)
    Orc: D:9-12

Altars:
Cheibriados
Dithmenos
Kikubaaqudgha
Makhleb
Ru
Sif Muna
Vehumet
Xom
Yredelemnul

Shops:
D:3 [   D:4 [

Annotations:
D:3 1 runed translucent door, susin's ghost, weakling TrFi


Innate Abilities, Weirdness & Mutations

You are resistant to damage.
You can heal yourself by infusing magical energy.
You passively map the area around you.
You do not regenerate.


Message History

You finish putting on your +1 plate armour of cold resistance.
You feel resistant to cold.
There is a fountain of clear blue water here.
There is a stone staircase leading down here.
You climb downwards.
There is a stone staircase leading up here.
You enter the shallow water.
Moving in this stuff is going to be slow.
There is a stone staircase leading down here.
You climb downwards.
There is a stone staircase leading up here.
There is a stone staircase leading down, spattered with blood here.
You see here a +0 falchion.
You climb downwards.
There is a stone staircase leading up here.
There is an open door here.
You see here 24 bolts.
There is an open door here.
There is a stone staircase leading down here.
You climb downwards.
There is a stone staircase leading up here.
Things that are here:
24 arrows; a +0 shortbow You see here a +0 short sword.
There is a stone staircase leading down, spattered with blood here.
Things that are here:
a +0 chain mail; a +0 dagger You climb downwards.
The centaur warrior shoots an arrow.
The arrow hits you!
* * * LOW HITPOINT WARNING * * *
You block the purple ugly thing's attack.
The centaur warrior shoots an arrow.
You block the arrow. The boulder beetle bites you!!
* * * LOW HITPOINT WARNING * * *
The purple ugly thing claws you but does no damage.
There is a stone staircase leading up, spattered with blood here.
You feel much better.
The centaur warrior shoots an arrow.
The arrow hits you!
* * * LOW HITPOINT WARNING * * *
The boulder beetle bites you but does no damage.
The cyclops throws a large rock.
The large rock hits you!!
You die...

..* #.###.....#..#* *
#...#.....#..# #..##.....#..#
* #..# .....#..#
.#####..########..#####
.......................#
.......................######
...........uB.........O......
.##+######..@)...............
, #.......C.####.####. * ,,
#.........# u.. , ,
,##........# , .B..# ,
#........# .O..# *
#.......u.. 8cz... ,
.........c#..,u...#g *
*###.......#.. C...#. *,
#####...# ,


You could see a boulder beetle, 2 ugly things, a centaur warrior and a cyclops.

Vanquished Creatures
  Pikel (D:7)
  A troll (D:5)
  A hornet (D:7)
  Grinder (D:6)
  A shadow (D:6)
  3 yaks (D:8)
  2 wyverns
  A water moccasin (D:7)
  Duvessa (D:7)
  5 orc warriors
  A sky beast (D:5)
  A black bear (D:4)
  A hornet zombie (D:7)
  3 ice beasts
  2 centaurs (D:8)
  4 ogres
  A lemure (D:7)
  2 bullfrogs
  7 kobold brigands
  A wyvern zombie (D:6)
  A gnoll sergeant (D:8)
  3 scorpions
  Dowan (D:7)
  8 wights
  2 bullfrog zombies
  A hound (D:4)
  2 jellies
  4 orc priests
  A centaur skeleton (D:6)
  Ijyb (D:3)
  5 iguanas
  3 orc wizards
  2 hound zombies (D:5)
  19 gnolls
  A howler monkey skeleton (D:6)
  8 adders
  2 shadow imps
  A white imp (D:6)
  An ufetubus (D:4)
  2 worms
  2 dart slugs
  15 orcs
  7 ball pythons
  5 bats
  11 endoplasms
  2 giant cockroaches (D:1)
  9 goblins
  12 hobgoblins
  11 jackals
  3 frilled lizards
  21 kobolds
  7 rats
213 creatures vanquished.

Vanquished Creatures (others)
  10 plants (D:2)
  9 withered plants (D:2)
19 creatures vanquished.

Grand Total: 232 creatures vanquished

Notes
Turn   | Place    | Note
-------+----------+-------------------------------------------
     0 | D:1      | Coron the Deep Dwarf Gladiator began the quest for the Orb.
     0 | D:1      | Reached XP level 1. HP: 19/19 MP: 1/1
    49 | D:1      | Reached XP level 2. HP: 23/26 MP: 2/2
   196 | D:1      | Reached skill level 1 in Armour
   474 | D:2      | Reached XP level 3. HP: 27/32 MP: 3/3
   657 | D:2      | Found a faded altar of an unknown god.
   870 | D:2      | Reached XP level 4. HP: 29/39 MP: 4/4
  1272 | D:3      | Found a runed translucent door.
  1272 | D:3      | Noticed susin's ghost (weakling TrFi)
  1302 | D:3      | Noticed an ogre
  1310 | D:3      | Killed an ogre
  1311 | D:3      | Reached XP level 5. HP: 29/49 MP: 5/5
  1566 | D:3      | Noticed Ijyb
  1580 | D:3      | Killed Ijyb
  1624 | D:3      | Found Urruer's Armour Shop.
  1658 | D:3      | Reached skill level 5 in Axes
  1669 | D:3      | Reached skill level 1 in Evocations
  1915 | D:3      | Reached XP level 6. HP: 27/56 MP: 6/6
  2094 | D:4      | Found Humez's Antique Armour Shop.
  2486 | D:4      | Noticed an ice beast
  2503 | D:4      | Killed an ice beast
  2504 | D:4      | Reached XP level 7. HP: 51/64 MP: 6/6
  2704 | D:4      | Found a shimmering blue altar of Sif Muna.
  3070 | D:5      | Entered Level 5 of the Dungeon
  3153 | D:5      | Reached skill level 5 in Armour
  3224 | D:5      | Noticed a troll
  3252 | D:4      | Bought a glowing cloak for 195 gold pieces
  3290 | D:5      | Noticed a wyvern
  3391 | D:5      | Killed a troll
  3392 | D:5      | Reached skill level 5 in Fighting
  3811 | D:5      | Killed a wyvern
  3812 | D:5      | Reached XP level 8. HP: 20/74 MP: 7/7
  4272 | D:6      | Noticed Grinder
  4382 | D:6      | Killed Grinder
  4481 | D:6      | You fall into a shaft and drop 3 floors!
  4537 | D:8      | Gained mutation: You passively map the area around you.
                  | [Deep Dwarf growth]
  4537 | D:8      | Reached XP level 9. HP: 44/82 MP: 7/7
  4582 | D:8      | Found a staircase to the Lair.
  4746 | D:7      | Noticed Duvessa
  4747 | D:7      | Noticed Dowan
  4875 | D:8      | Found a flagged portal.
  4890 | Bailey   | Entered a bailey
  5045 | Bailey   | Noticed an orc knight
  5197 | D:7      | Got Wizardry, Part One
  5380 | D:6      | Found a staircase to the Ecumenical Temple.
  5387 | Temple   | Entered the Ecumenical Temple
  5489 | Temple   | Became a worshipper of Makhleb the Destroyer
  5661 | D:6      | Reached XP level 10. HP: 63/96 MP: 6/6
  5696 | D:6      | Reached skill level 5 in Evocations
  6449 | D:7      | Reached skill level 1 in Shields
  6674 | D:7      | Noticed Pikel
  6699 | D:7      | Killed Pikel
  6699 | D:7      | Reached * piety under Makhleb
  6813 | D:7      | Killed Duvessa
  6819 | D:7      | Killed Dowan
  7669 | D:9      | Noticed a catoblepas
  7669 | D:9      | Noticed a cyclops
  7669 | D:9      | Noticed a boulder beetle
  7669 | D:9      | Noticed a two-headed ogre
  7669 | D:9      | Noticed a skeletal warrior
  7669 | D:9      | Noticed a centaur warrior
  7669 | D:9      | Noticed a green ugly thing
  7669 | D:9      | Noticed a purple ugly thing
  7669 | D:9      | Noticed a cyclops
  7674 | D:9      | Noticed a boulder beetle
  7677 | D:9      | Noticed a deep elf pyromancer
  7766 | D:4      | Bought a shiny plate armour for 676 gold pieces
  7976 | D:9      | Hit by a large rock thrown by a cyclops

Illustrated notes

Levels and vault maps discovered:
D:1:      lemuel_arrival_rhombus, layout_rooms
D:2:      layout_basic, shapermc_ecumenical_altar_flowoftime
D:3:      layout_basic, hellmonk_ghost_happy_afterlife, serial_shops,
          shop_fountains, nicolae_figureground_pulse, uniq_ijyb
D:4:      layout_layer_cave, lemuel_round_altar, serial_shops,
          nicolae_shop_temple_entry_statues_fountains
D:5:      layout_basic, serial_rivers, chequers_serial_rivers_large_a,
          chequers_serial_rivers_room_b, chequers_serial_rivers_marsh,
          chequers_serial_rivers_small_3, chequers_serial_rivers_micro_e,
          chequers_mini_garden
D:6:      minmay_clustersquares, layout_rooms, minmay_temple_entry_hall,
          uniq_grinder
D:7:      layout_gridville, uniq_pikel, uniq_duvessa
D:8:      layout_loops_ring, dpeg_oklobed_lair, enter_bailey_3,
          kennysheep_generic_room_11
D:9:      layout_irregular_city, minivault_28
Temple:   mainiacjoe_temple_trianglar_array

Skill      XL: |  1  2  3  4  5  6  7  8  9 10 |
---------------+-------------------------------+-----
Fighting       | 2 3 4 5 6 8 9 |  9.0
Throwing       | 2 |  2.0
Armour         | 1 3 4 6 7 9 |  9.1
Axes           | 4 5 6 8 9 |  9.5
Evocations     | 1 2 3 4 5 |  5.4
Shields        | 3 |  3.0
Dodging        | |  3.2

Action                   |  1- 3 |  4- 6 |  7- 9 | 10-12 || total
-------------------------+-------+-------+-------+-------++-------
Melee: War axe           |   126 |   150 |   260 |   115 ||   651
       Punch             |       |       |     4 |       ||     4
       Dagger            |       |       |       |    88 ||    88
Throw: Stone             |    28 |    11 |       |       ||    39
       Throwing net      |     1 |     2 |       |       ||     3
       Dart              |       |     7 |    23 |       ||    30
       Javelin           |       |       |     5 |       ||     5
 Abil: Heal Wounds       |     2 |     3 |    18 |     6 ||    29
Evoke: Wand              |       |     2 |    13 |     6 ||    21
       Condenser vane    |       |       |       |     1 ||     1
  Use: Scroll            |       |     5 |     3 |     1 ||     9
       Potion            |       |     2 |     2 |       ||     4
 Stab: Held in net/web   |       |     2 |       |       ||     2
Armor: Leather armour    |    28 |       |       |       ||    28
       Ring mail         |     7 |    49 |   126 |     8 ||   190
       Skin              |       |    12 |       |       ||    12
       Chain mail        |       |       |       |    87 ||    87
       Plate armour      |       |       |       |     2 ||     2
Dodge: Dodged            |    84 |    96 |   211 |   100 ||   491
Block: Buckler           |       |       |       |    50 ||    50
